 Dungeon Crawl Stone Soup version 0.30-a0-808-g6e0788376e (webtiles) character file.

Game seed: 15819172901421854077

960 dialectric the Covered (level 7, -18/55 HPs)
             Began as a Demonspawn Fighter on Feb 25, 2023.
             Demolished by an orc warrior
             ... wielding a +0 dire flail
              (29 damage)
             ... on level 8 of the Dungeon.
             The game lasted 00:04:53 (5026 turns).

dialectric the Covered (Demonspawn Fighter)         Turns: 5026, Time: 00:04:54

Health: -18/55     AC:  7    Str: 18    XL:     7   Next: 92%
Magic:  0/7        EV: 11    Int:  9    God:
Gold:   421        SH:  0    Dex: 13    Spells: 6/6 levels left

rFire   . . .      SeeInvis .    a - +0 long sword
rCold   . . .      Faith    .    (no shield)
rNeg    . . .      Spirit   +    b - +0 scale mail
rPois   .          Reflect  .    (no helmet)
rElec   .          Harm     +    q - scarf {harm}
rCorr   .          Rampage  .    (no gloves)
Will    .....                    (no boots) Stlth
                                 (no amulet)
HPRegen 0.29/turn                (no ring)
MPRegen 0.20/turn                (no ring)

@: no status effects
A: spiny 2, magic shield, magic regeneration
a: no special abilities


You were on level 8 of the Dungeon.
You visited 1 branch of the dungeon, and saw 7 of its levels.
You also visited: Sewer.

You collected 421 gold pieces.

Inventory:

Hand Weapons
 a - a +0 long sword (weapon)
Armour
 b - a +0 scale mail (worn)
 q - a scarf of harm (worn)
 s - a scarf of resistance
Jewellery
 i - a ring of wizardry
 p - a +4 ring of slaying
 v - a ring of see invisible
Wands
 o - a wand of mindburst (10)
Scrolls
 d - a scroll of noise {unknown}
 e - 2 scrolls of blinking
 g - 2 scrolls of vulnerability {unknown}
 h - 4 scrolls of teleportation
 j - 2 scrolls of immolation
 k - 7 scrolls of identify
 n - a scroll of magic mapping {unknown}
 r - 2 scrolls of enchant weapon {unknown}
 x - a scroll of enchant armour {unknown}
Potions
 c - 5 potions of curing
 f - a potion of flight {unknown}
 l - 2 potions of brilliance {unknown}
 m - 2 potions of haste
 t - a potion of berserk rage {unknown}
 u - a potion of heal wounds {unknown}
 w - a potion of attraction {unknown}
 z - a potion of resistance {unknown}
 A - a potion of magic {unknown}
 B - a potion of cancellation {unknown}
 C - a potion of mutation {unknown}


   Skills:
 * Level 4.6 Fighting
 + Level 4.9 Long Blades
 + Level 0.4 Throwing
 + Level 5.3 Armour
 * Level 3.5 Dodging
 + Level 0.2 Stealth
 - Level 2.6 Shields


You had 6 spell levels left.
You didn't know any spells.
Your spell library contained the following spells:

 Spells                   Type           Power      Damage    Failure   Level
 Shock                    Conj/Air       0%         1d3       75%         1
 Swiftness                Air            0%         N/A       98%         3
 Airstrike                Air            0%         2d(0-16)  100%        4


Dungeon Overview and Level Annotations

Branches:
Dungeon (6/15)              Sewer (visited)
 Temple: D:4-7

Altars:
Wu Jian


Innate Abilities, Weirdness & Mutations

You are mostly covered in sharp spines.
When hurt, damage is shared between your health and your magic reserves.
You regenerate magic rapidly.


Message History

As you open the door, it creaks loudly!
You hear a shout! x2
No target in view!
An orc comes into view. It is wielding a +0 club.
There is an open door here.
You slash the orc!
You kill the orc!
You open the door.
There is an open door here.
C - a lumpy white potion A sourceless malevolence fills the Dungeon...
You fall into a shaft and drop 2 floors!
The shaft crumbles and collapses.
Found a potion of curing.
c - 5 potions of curing (gained 1)
An orc and an orc wizard come into view.
The orc shouts!
The orc wizard shouts!
You hear a shout!
An orc warrior comes into view. It is wielding a +0 dire flail.
The orc warrior shouts!
An orc priest comes into view. It is wielding a +0 hand axe.
There are monsters nearby!
There are monsters nearby!
The orc warrior hits you with a +0 dire flail.
There are monsters nearby!
You hit the orc warrior.
The orc warrior is lightly wounded.
The orc warrior hits you with a +0 dire flail!
Throw: dart (datura)
Press: ? - help, Q - select action, (/) - cycle Shift-Dir - straight line, f - orc warrior
Aim: an orc warrior, wielding a +0 dire flail and wearing a +0 plate armour (lightly wounded, 59% to hit, chance to frenzy on hit: 51%)
You throw a datura-tipped dart.
The datura-tipped dart hits the orc warrior.
The orc warrior flies into a frenzy!
The orc warrior is lightly wounded.
The orc warrior hits you with a +0 dire flail!!
Ouch! That really hurt!
* * * LOW HITPOINT WARNING * * *
The orc warrior attacks as you move away!
The orc warrior hits you with a +0 dire flail!!
Ouch! That really hurt!
You die...

#####################
#....................
#.###########.######
#.# #@# ### #o# #o#


.oo ..... #...... #......# #......# #...#..# You could see an orc priest, an orc
wizard, an orc and a neutral orc warrior (fast, strong, insane).

Vanquished Creatures
  Grinder (D:5)
  Pargi (Sewer)
  An ice beast (D:5)
  An ogre (D:5)
  A scorpion (D:5)
  2 hounds (D:5)
  5 iguanas
  A jelly (D:5)
  4 gnolls (D:4)
  7 adders
  A worm (D:2)
  7 dart slugs
  12 orcs
  10 endoplasms
  4 giant cockroaches
  5 hobgoblins
  4 jackals (D:5)
  4 quokkas
  10 ball pythons
  9 bats
  3 frilled lizards
  3 goblins
  4 kobolds (D:1)
  5 rats
105 creatures vanquished.

Vanquished Creatures (collateral kills)
  An orc (D:5)
  A kobold (D:3)
2 creatures vanquished.

Vanquished Creatures (others)
  A white imp (D:5)
  A goblin (D:1)
2 creatures vanquished.

Grand Total: 109 creatures vanquished

Notes
Turn   | Place    | Note
-------+----------+-------------------------------------------
     0 | D:1      | dialectric the Demonspawn Fighter began the quest for the
                  | Orb.
     0 | D:1      | Reached XP level 1. HP: 18/18 MP: 1/1
   254 | D:1      | Gained mutation: You regenerate magic rapidly. [demonic
                  | ancestry]
   254 | D:1      | Reached XP level 2. HP: 24/24 MP: 2/2
   410 | D:1      | Reached skill level 3 in Armour
   741 | D:1      | Found a faded altar of an unknown god.
  1045 | D:2      | Gained mutation: You are partially covered in sharp spines.
                  | [demonic ancestry]
  1045 | D:2      | Reached XP level 3. HP: 29/29 MP: 3/3
  1072 | D:2      | Reached skill level 1 in Dodging
  2000 | D:3      | Gained mutation: When hurt, damage is shared between your
                  | health and your magic reserves. [demonic ancestry]
  2000 | D:3      | Reached XP level 4. HP: 34/35 MP: 4/4
  2528 | D:3      | Found an ornate altar of the Wu Jian Council.
  2825 | D:4      | Gained mutation: You are mostly covered in sharp spines.
                  | [demonic ancestry]
  2825 | D:4      | Reached XP level 5. HP: 30/41 MP: 3/5
  2833 | D:4      | Found a glowing drain.
  2845 | Sewer    | Entered a sewer
  2888 | Sewer    | Noticed Pargi
  2894 | Sewer    | Killed Pargi
  3059 | D:4      | Reached XP level 6. HP: 17/48 MP: 3/6
  3282 | D:4      | Reached skill level 4 in Armour
  3999 | D:5      | Entered Level 5 of the Dungeon
  4051 | D:5      | Noticed an ice beast
  4070 | D:5      | Killed an ice beast
  4071 | D:5      | Reached XP level 7. HP: 46/54 MP: 7/7
  4495 | D:5      | Noticed Grinder
  4508 | D:5      | Killed Grinder
  4509 | D:5      | Reached skill level 5 in Armour
  5007 | D:6      | You fall into a shaft and drop 2 floors!
  5026 | D:8      | Demolished by an orc warrior

Illustrated notes

Levels and vault maps discovered:
D:1:      shiori_arrival_maze, layout_basic,
          hellmonk_ecumenical_altar_slurped_away
D:2:      layout_loops_cross
D:3:      layout_basic, nicolae_wu_jian_immortal_techniques
D:4:      layout_gridville, portal_sewer_entry_a, minmay_close_crescents
D:5:      layout_loops_ring, corexii_leaking_fountain, uniq_grinder
D:6:      layout_basic
D:8:      layout_basic, nicolae_overflow_hallway_of_the_gods, serial_shops,
          shop, kennysheep_generic_room_12, uniq_psyche, uniq_gastronok

Skill      XL: |  1  2  3  4  5  6  7 |
---------------+----------------------+-----
Long Blades    | 2 3 4 |  4.9
Armour         | 3 4 5 |  5.3
Dodging        | 1 2 3 |  3.5
Fighting       | 4 |  4.6
Throwing       | |  0.4
Stealth        | |  0.2
Shields        | |  2.6

Action                     |  1- 3 |  4- 6 |  7- 9 || total
---------------------------+-------+-------+-------++-------
  Melee: Long sword        |   116 |   105 |    34 ||   255
         Punch             |       |     3 |     2 ||     5
  Throw: Dart              |     4 |     2 |     2 ||     8
    Use: Potion            |     2 |     1 |     2 ||     5
         Scroll            |     1 |     3 |     2 ||     6
 Armour: Scale mail        |    60 |    36 |     9 ||   105
         Skin              |       |    35 |       ||    35
  Dodge: Dodged            |    72 |    60 |    20 ||   152

Table legend: (Time is in decaauts)
 A = Elapsed time spent in this place.
 B = Non-inter-level travel time spent in this place.
 C = Inter-level travel time spent in this place.
 D = Time resting spent in this place.
 E = Time spent auto-exploring this place.
 F = Levels seen in this place.
 G = Mean time per level.
                   A        B        C        D        E       F      G
               +--------+--------+--------+--------+--------+-----+--------+
         Total |   5090 |   4957 |    133 |    201 |   3811 |   8 |  636.2 |
       Dungeon |   4967 |   4834 |    133 |    201 |   3735 |   7 |  709.6 |
         Sewer |    123 |    123 |      0 |      0 |     76 |   1 |  123.0 |
               +--------+--------+--------+--------+--------+-----+--------+

Top non-repeatable levels by time:
     D:4: 1138 daAuts
     D:3: 1056 daAuts
     D:1: 1026 daAuts
     D:5: 843 daAuts
     D:2: 710 daAuts
     D:6: 172 daAuts
   Sewer: 123 daAuts
     D:8: 19 daAuts
